 Dungeon Crawl Stone Soup version 0.14-a0-2810-g474977d (webtiles) character file.

163 Quh the Ruinous (level 4, -1/24 HPs)
             Began as a Deep Elf Conjurer on Feb 25, 2014.
             Killed by nerve-wracking pain
             ... invoked by Grinder
              (10 damage)
             ... on Level 3 of the Dungeon.
             The game lasted 00:09:47 (2457 turns).

Quh the Ruinous (Deep Elf Conjurer)                 Turns: 2457, Time: 00:09:48

HP  -1/24        AC  3     Str  6      XL: 4   Next: 40%
MP   8/13        EV 13     Int 20      God:
Gold 68          SH  0     Dex 15      Spells:  1 memorised,  8 levels left

rFire  . . .     SeeInvis .     (no weapon)
rCold  . . .     Clarity  .     a - +0 elf robe
rNeg   . . .     Conserve .     (no shield)
rPois  .         rCorr    .     (no helmet)
rElec  .         rRot     .     o - +0 cloak
SustAb . .       Spirit   .     (no gloves)
rMut   .         Warding  .     (no boots)
Saprov . . .     Stasis   .     (no amulet)
MR     .....                    k - ring of wizardry
                                f - ring of sustenance

@: not resistant to hostile enchantments, fairly stealthy
A: no striking features
a: no special abilities


You were on level 3 of the Dungeon.
You were not hungry.

You visited 1 branch of the dungeon, and saw 3 of its levels.

You collected 68 gold pieces.

Inventory:

Missiles
 d - 46 darts (quivered)
Armour
 a - a +0 elven robe (worn)
 o - a +0 cloak (worn)
 r - a +0 robe
Magical devices
 q - a wand of magic darts (14) {unknown}
Comestibles
 b - 4 bread rations
 g - a meat ration
 j - a chunk of rat flesh
 m - a pear
Scrolls
 l - 3 scrolls of enchant weapon II
 n - a scroll of recharging {unknown}
 p - a scroll of random uselessness {unknown}
 s - 3 scrolls of fog
Jewellery
 f - a ring of sustenance (left hand)
 k - a ring of wizardry (right hand)
Potions
 e - a potion of brilliance {unknown}
 h - 2 potions of flight {unknown}
 i - a potion of heal wounds {unknown}
Books
 c - a book of Conjurations

   Spells                             Type                      Level
   *Magic Dart                        Conjuration                  1
   Searing Ray                        Conjuration                  2
   Dazzling Spray                     Conjuration/Hexes            3
   Fulminant Prism                    Conjuration/Hexes            4
   Iskenderun's Mystic Blast          Conjuration                  4
   Iskenderun's Battlesphere          Conjuration/Charms           5


   Skills:
 - Level 2.5 Dodging
 - Level 2.5 Stealth
 - Level 3.0 Spellcasting
 * Level 6.4 Conjurations


You had 8 spell levels left.
You knew the following spells:

 Your Spells              Type           Power        Failure   Level  Hunger
a - Magic Dart            Conj           ####         1%          1    None


Dungeon Overview and Level Annotations

Branches:
Dungeon (3/16)

Altars:

Annotations:
D:3 Grinder


Message History

Casting: Magic Dart
Confirm with . or Enter, or press ? or * to list all spells.
Aiming: Magic Dart
Press: ? - help, Shift-Dir - straight line, f/p - Grinder
Aim: Grinder (moderately wounded)
The magic dart hits Grinder.
Grinder is moderately wounded.
Grinder hits you.
You writhe in agony.
Casting: Magic Dart
Confirm with . or Enter, or press ? or * to list all spells.
Aiming: Magic Dart
Press: ? - help, Shift-Dir - straight line, f/p - Grinder
Aim: Grinder (moderately wounded)
The magic dart hits Grinder.
Grinder is moderately wounded.
Grinder gestures at you. You resist with significant effort.
Grinder gestures at you. Pain shoots through your body!
You die...

#..........#####.#.#
#..........#.....#.#
#..........##.##.#.#
#..........##.##.#.#
######'#)#.##.##.#.#
#.#.#.##.##.#.#
#.#.#.##.##.#.#
#########.#.#.##.##.#.#
#...l5..@.#.#.##.##.#.#
#.#########.#.##.##.#.#
#.#<........#.##.##.#.#
#l###########.#.......#
#.......l. ..#####.###
######### #.# #.# #.#
#.#


You could see Grinder and a giant newt.

Vanquished Creatures
  4 adders
  A giant gecko (D:1)
  An ooze (D:1)
  7 bats
  5 goblins
  7 hobgoblins
  10 jackals
  9 kobolds
  A quokka (D:3)
  A ball python (D:1)
  A giant cockroach (D:3)
  2 giant newts (D:1)
  8 rats
57 creatures vanquished.

Notes
Turn   | Place    | Note
--------------------------------------------------------------
     0 | D:1      | Quh, the Deep Elf Conjurer, began the quest for the Orb.
     0 | D:1      | Reached XP level 1. HP: 10/10 MP: 5/5
   182 | D:1      | Reached XP level 2. HP: 15/15 MP: 6/8
   255 | D:1      | Reached skill level 5 in Conjurations
   702 | D:1      | Reached XP level 3. HP: 19/19 MP: 6/10
  1672 | D:2      | Reached skill level 6 in Conjurations
  1756 | D:3      | Reached XP level 4. HP: 24/24 MP: 9/13
  2441 | D:3      | Noticed Grinder
  2457 | D:3      | Killed from afar by Grinder

Action                   |  1- 3 |  4- 6 || total
-------------------------+-------+-------++-------
 Cast: Magic Dart        |    88 |    27 ||   115
  Use: Scroll            |     5 |       ||     5
